 Dungeon Crawl Stone Soup version 0.18-a0-1649-g8d9735b (webtiles) character file.

77 Etesian the Magician (level 4, -1/24 HPs)
             Began as a Deep Elf Air Elementalist on Mar 29, 2016.
             Slain by an orc priest
             ... wielding a +0 flail
              (10 damage)
             ... on level 3 of the Dungeon.
             The game lasted 00:10:07 (1371 turns).

Etesian the Magician (Deep Elf Air Elementalist)    Turns: 1371, Time: 00:10:07

Health: -1/24      AC:  6    Str:  5    XL:     4   Next: 14%
Magic:  1/11       EV: 13    Int: 21    God:
Gold:   60         SH:  0    Dex: 15    Spells: 4 memorised, 2 levels left

rFire  . . .     SeeInvis .     k - +2 short sword (venom)
rCold  . . .     Gourm    .     a - +1 robe
rNeg   . . .     Faith    .     (no shield)
rPois  .         Spirit   .     (no helmet)
rElec  .         Dismiss  .     (no cloak)
rCorr  .         Reflect  .     o - +0 pair of gloves
SustAt .         Harm     .     q - +1 pair of boots
MR     .....                    (no amulet)
Stlth  ++........               (no ring)
                                (no ring)

@: very slightly contaminated, not resistant to hostile enchantments, unstealthy
A: no striking features
a: no special abilities


You were on level 3 of the Dungeon.
You were not hungry.

You visited 1 branch of the dungeon, and saw 3 of its levels.

You collected 60 gold pieces.

Inventory:

Hand Weapons
 k - a +2 short sword of venom (weapon)
Missiles
 l - 8 tomahawks (quivered)
Armour
 a - a +1 robe (worn)
 o - a +0 pair of gloves (worn)
 q - a +1 pair of boots (worn)
Jewellery
 x - a cursed ring of teleportation {unknown}
Scrolls
 i - 2 scrolls of enchant armour
 r - a scroll of teleportation
 t - 2 scrolls of identify
 u - a scroll of recharging
 v - 4 scrolls of remove curse
Potions
 e - a potion of lignification {unknown}
 f - a potion of heal wounds
 h - a potion of cancellation
 m - a potion of curing
 s - a potion of flight {unknown}
Books
 b - a book of Air

   Spells                             Type                      Level
   a - Shock                          Conjuration/Air              1
   b - Swiftness                      Charms/Air                   2
   c - Repel Missiles                 Charms/Air                   2
   d - Static Discharge               Conjuration/Air              3
   e - Lightning Bolt                 Conjuration/Air              5
Comestibles
 c - a bread ration
 d - 2 fruits
 g - a meat ration
 n - a beef jerky
 p - 3 chunks of flesh


   Skills:
 + Level 3.3 Dodging
 - Level 2.4 Stealth
 + Level 3.7 Spellcasting
 * Level 2.4 Conjurations
 * Level 3.7 Air Magic


You had 2 spell levels left.
You knew the following spells:

 Your Spells              Type           Power        Failure   Level  Hunger
a - Shock                 Conj/Air       ###.         3%          1    None
b - Repel Missiles        Chrm/Air       ##....       12%         2    ##.....
c - Swiftness             Chrm/Air       ##......     12%         2    ##.....
d - Static Discharge      Conj/Air       ###.....     12%         3    ###....


Dungeon Overview and Level Annotations

Branches:
Dungeon (3/15)

Altars:


Message History

The orc priest is almost dead.
The zap hits the orc.
The orc is heavily wounded.
The zap hits the hobgoblin.
The hobgoblin is lightly wounded.
You closely miss the orc priest.
The orc priest is almost dead.
The orc priest barely misses you. The orc closely misses you.
Some of the chunks of flesh in your inventory have rotted away.
You hit the orc priest but do no damage.
The orc priest is poisoned.
The orc priest is almost dead.
The orc priest mumbles some strange prayers to Beogh against you.
Pain shoots through your body! The orc hits you with a hand axe.
You hit the orc.
The orc is poisoned.
The orc is almost dead.
The orc priest calls upon Beogh to heal the orc.
The orc is healed somewhat.
The orc closely misses you. The orc priest hits you with a flail!
You die...

###)# #. .....
.. #.#.# .#
#.#.# .# #
#.#[# .# #.#
#.#g##.##...#
###.#o#........
#.....o..#
##.#.#@##.#
#<...#..#.#
#.###......# #.
#.##.### #. #..
... ## ..##.##
.#.# .# #. ..


You could see an orc priest, an orc and a hobgoblin.

Vanquished Creatures
  2 adders
  3 worms (D:2)
  A dart slug (D:1)
  5 giant geckos
  An orc (D:3)
  3 giant cockroaches
  8 goblins
  6 hobgoblins
  2 jackals (D:2)
  2 kobolds
  2 bats (D:2)
  2 giant newts
  3 rats
40 creatures vanquished.

Notes
Turn   | Place    | Note
--------------------------------------------------------------
     0 | D:1      | Etesian the Deep Elf Air Elementalist began the quest for the Orb.
     0 | D:1      | Reached XP level 1. HP: 10/10 MP: 6/6
   299 | D:1      | Reached XP level 2. HP: 15/15 MP: 1/8
   690 | D:2      | Learned a level 2 spell: Repel Missiles
   693 | D:2      | Learned a level 2 spell: Swiftness
   747 | D:2      | Reached XP level 3. HP: 19/19 MP: 6/9
   831 | D:2      | Learned a level 3 spell: Static Discharge
  1353 | D:3      | Reached XP level 4. HP: 24/24 MP: 9/11
  1371 | D:3      | Slain by an orc priest

Vault maps used:
D:1:      dpeg_arrival_orchard

Skill      XL: |  1  2  3 |
---------------+----------+-----
Dodging        | 3 |  3.3
Conjurations   | 2 |  2.4
Stealth        | |  2.4
Spellcasting   | |  3.7
Air Magic      | |  3.7

Action                   |  1- 3 |  4- 6 || total
-------------------------+-------+-------++-------
Melee: Short sword       |    46 |     3 ||    49
       Unarmed           |     3 |       ||     3
 Cast: Shock             |    58 |    10 ||    68
  Use: Scroll            |    10 |       ||    10
       Potion            |       |     1 ||     1
 Stab: Sleeping          |     5 |       ||     5
  Eat: Chunk             |     1 |       ||     1
